 Dungeon Crawl Stone Soup version 0.15-a0-1206-g3bad1a6 (webtiles) character file.

4961 PolkaDot the Bewitcher (level 10, -1/63 HPs)
             Began as a Vampire Enchanter on June 1, 2014.
             Was a Believer of Ashenzari.
             Killed by divine providence
             ... invoked by an orc priest
              (15 damage)
             ... on Level 10 of the Dungeon.
             The game lasted 00:53:39 (11269 turns).

PolkaDot the Bewitcher (Vampire Enchanter)         Turns: 11269, Time: 00:53:39

HP  -1/63        AC 12     Str  7      XL: 10   Next: 28%
MP  20/25        EV 13     Int 19      God: Ashenzari [**....]
Gold 494         SH  0     Dex 15      Spells:  5 memorised,  1 level left

rFire  . . .     SeeInvis +     a - +4,+2 dagger (curse)
rCold  + + .     Clarity  .     b - +1 robe (curse)
rNeg   + + +     rCorr    .     (no shield)
rPois  +         rRot     +     (no helmet)
rElec  .         Spirit   .     q - +0 cloak (curse)
SustAb .         Warding  .     k - +1 pair of gloves (curse)
rMut   +         Stasis   .     N - +0 pair of boots
Gourm  .                        L - amulet of resist mutation
MR     +....                    j - +5 ring of protection
                                h - cursed ring of magical power

@: bloodless, non-regenerating, somewhat resistant to hostile enchantments,
extremely stealthy
A: bottle blood, fangs 3, see invisible, unbreathing
a: Bat Form, Bottle Blood, Renounce Religion


You were on level 10 of the Dungeon.
You worshipped Ashenzari.
Ashenzari was pleased with you.
You were bloodless.

You visited 2 branches of the dungeon, and saw 11 of its levels.
You also visited: Sewer.

You collected 572 gold pieces.
You spent 78 gold pieces at shops.

Inventory:

Hand weapons
 a - a cursed +4,+2 dagger (weapon)
 J - a +0,+4 dagger of speed
Armour
 b - a cursed +1 robe (worn)
 k - a cursed +1 pair of gloves (worn)
 q - a cursed +0 cloak (worn)
 N - a +0 pair of boots (worn)
Magical devices
 v - a wand of random effects (18)
 z - a wand of teleportation (1)
 C - a wand of disintegration (5)
 E - a wand of digging (17)
 M - a wand of confusion (17)
 O - a wand of flame (12)
Scrolls
 i - 3 scrolls of teleportation
 l - a scroll of recharging
 o - a scroll of holy word {unknown}
 r - 2 scrolls of magic mapping
 s - a scroll of fear {unknown}
 t - a scroll of immolation
 y - a scroll of blinking {unknown}
 A - 4 scrolls of curse weapon
 F - a scroll of noise {unknown}
 G - 2 scrolls of vulnerability {unknown}
 H - 2 scrolls of amnesia
 I - a scroll of fog {unknown}
Jewellery
 h - a cursed ring of magical power (left hand)
 j - a +5 ring of protection (right hand)
 L - an amulet of resist mutation (around neck)
Potions
 d - 8 potions of curing
 e - 3 potions of resistance
 f - 2 potions of haste
 g - 3 potions of magic
 m - a potion of lignification
 p - 3 potions of might
 u - 3 potions of brilliance
 w - 3 potions of mutation {unknown}
 B - a potion of restore abilities
 D - 2 potions of confusion {unknown}
 K - 2 potions of paralysis {unknown}
Books
 c - a book of Maledictions

   Spells                             Type                      Level
   *Corona                            Hexes                        1
   *Sure Blade                        Hexes/Charms                 2
   *Ensorcelled Hibernation           Hexes/Ice                    2
   *Confuse                           Hexes                        3
   Dazzling Spray                     Conjuration/Hexes            3
   *Enslavement                       Hexes                        4
 n - a book of Cantrips

   Spells                             Type                      Level
   *Corona                            Hexes                        1
   Animate Skeleton                   Necromancy                   1
   Summon Small Mammal                Summoning                    1
   Apportation                        Translocation                1


   Skills:
 - Level 2.1(3.9) Short Blades
 - Level 2.1(3.3) Dodging
 + Level 12.1(13.3) Stealth
 - Level 2.0 Spellcasting
 * Level 15.2 Hexes
 + Level 7.0 Charms
 - Level 3.0 Ice Magic


You had one spell level left.
You knew the following spells:

 Your Spells              Type           Power        Failure   Level  Hunger
a - Corona                Hex            ######.      1%          1    #......
b - Sure Blade            Hex/Chrm       #####.....   1%          2    ##.....
c - Confuse               Hex            ######..     1%          3    ####...
d - Ensorcelled Hibernat  Hex/Ice        #####.       1%          2    ##.....
e - Enslavement           Hex            ######..     1%          4    #####..


Dungeon Overview and Level Annotations

Branches:
Dungeon (10/15)            Temple (1/1) D:6             Orc (0/4) D:10
   Lair (0/8) D:10

Altars:
Ashenzari
Cheibriados
Dithmenos
Elyvilon
Fedhas
Gozag
Kikubaaqudgha
Makhleb
Nemelex Xobeh
Okawaru
Qazlal
Sif Muna
Trog
Vehumet
Xom
Yredelemnul
Zin
The Shining One

Shops:
D:6 !


Innate Abilities, Weirdness & Mutations

You do not heal naturally.
You can bottle blood from corpses.
You have razor-sharp teeth.*
You have supernaturally acute eyesight.
You can survive without breathing.*


Message History

The warg bites you but does no damage. The warg bites you!
Something stings the warg.
The warg bites you!
* * * LOW HITPOINT WARNING * * *
The orc priest invokes the aid of Beogh against you.
Something smites you!
* * * LOW HITPOINT WARNING * * *
Drink which item? (? for menu, Esc to quit)
You feel much better.
Something stings the warg but does no damage.
The warg barely misses you. The warg bites you!
* * * LOW HITPOINT WARNING * * *
The orc priest hits something but does no damage.
Your yellow wasp barely misses the orc priest.
Your yellow wasp stings the orc priest!
The orc priest dies!
The warg bites your yellow wasp.
Your yellow wasp is killed!
The orc priest mumbles some strange prayers to Beogh against you.
Something smites you!
You die...

* ......>.............#
# *
....P..............###*
#
#........P..#........,..
#.........#* ... ..#*##
* * #o....#* *. #.##.#
** *#oho# ∆# #......####
#.#%##.#.#.#.#..#...
#hh..........#..#.##
###@######.#.#......
#.## ##.....##.## #..##
#.......#.##
##...###.......#...
##.....##.......##..
#.......#.......#...
#.......#.......##..
#.#.................
#.##.##.#.......####


You could see 3 wargs, an orc priest, an orc wizard (invisible) and an orc.

Vanquished Creatures
  Grinder (D:3)
  A hungry ghost (D:7)
  Edmund (D:8)
  2 orc warriors (D:9)
  2 phantoms
  A yellow wasp (D:10)
  3 sky beasts
  2 black bears
  3 centaurs
  An ice beast (D:9)
  4 ogres
  5 giant frogs
  Blork the orc (D:6)
  5 killer bees (D:10)
  2 scorpions
  The ghost of SlowMonk the Insei, a weakling OpMo (D:4)
  7 electric eels (D:6)
  A crimson imp (D:6)
  10 big fish
  2 goliath beetles
  4 orc priests
  Crazy Yiuf (D:7)
  5 hounds
  3 iguanas
  2 jellies
  9 orc wizards
  A mottled dragon zombie (D:9)
  7 worker ants
  Ijyb (D:3)
  Terence (D:3)
  11 adders
  3 giant mites
  A shadow imp (D:6)
  2 inept feature mimics
  2 worms
  An adder zombie (D:6)
  An orc skeleton (D:7)
  2 oozes (D:3)
  18 orcs
  20 bats
  A bat skeleton (D:5)
  3 giant cockroaches
  22 hobgoblins
  12 jackals
  3 quokkas
  4 ball pythons
  4 giant geckos
  10 giant newts
  A giant spore (D:8)
  13 goblins
  13 kobolds
  2 orc zombies
  19 rats
  A ballistomycete (D:8)
  4 plants (Sewer)
262 creatures vanquished.

Vanquished Creatures (collateral kills)
  Joseph (D:8)
  A worker ant (D:8)
  An orc priest (D:10)
3 creatures vanquished.

Vanquished Creatures (others)
  A worm (D:8)
1 creature vanquished.

Grand Total: 266 creatures vanquished

Notes
Turn   | Place    | Note
--------------------------------------------------------------
     0 | D:1      | PolkaDot, the Vampire Enchanter, began the quest for the Orb.
     0 | D:1      | Reached XP level 1. HP: 13/13 MP: 3/3
   340 | D:1      | Reached XP level 2. HP: 19/19 MP: 2/4
   384 | D:1      | Reached skill level 5 in Hexes
   416 | D:1      | Learned a level 2 spell: Sure Blade
   767 | D:1      | Reached XP level 3. HP: 24/24 MP: 3/6
   852 | D:1      | Learned a level 3 spell: Confuse
  2104 | D:2      | Reached skill level 6 in Hexes
  2147 | D:2      | Reached skill level 1 in Charms
  2198 | D:2      | Reached XP level 4. HP: 30/30 MP: 7/7
  2363 | D:2      | Reached skill level 5 in Stealth
  2900 | D:3      | Noticed Terence
  2917 | D:3      | Killed Terence
  2990 | D:3      | Noticed a centaur
  3007 | D:3      | Killed a centaur
  3007 | D:3      | Reached skill level 7 in Hexes
  3007 | D:3      | Reached XP level 5. HP: 35/35 MP: 9/9
  3449 | D:3      | Learned a level 2 spell: Ensorcelled Hibernation
  3473 | D:3      | Noticed Grinder
  3497 | D:3      | Paralysed by Grinder for 7 turns
  3518 | D:3      | Killed Grinder
  3518 | D:3      | Reached skill level 8 in Hexes
  3518 | D:3      | Reached skill level 1 in Ice Magic
  3518 | D:3      | Reached XP level 6. HP: 22/41 MP: 4/10
  3655 | D:3      | Noticed Ijyb
  3665 | D:3      | Killed Ijyb
  4103 | D:4      | Reached XP level 7. HP: 42/46 MP: 12/12
  4123 | D:4      | Noticed SlowMonk's ghost (weakling OpMo)
  4123 | D:4      | Reached skill level 9 in Hexes
  4145 | D:4      | Found a glowing drain.
  4189 | D:4      | Killed SlowMonk's ghost
  4267 | Sewer    | Entered a sewer
  5914 | D:4      | Reached skill level 10 in Hexes
  5944 | D:4      | Found a blossoming altar of Fedhas.
  6082 | D:5      | Entered Level 5 of the Dungeon
  6362 | D:5      | Found a snail-covered altar of Cheibriados.
  6362 | D:5      | Found a stormy altar of Qazlal.
  6552 | D:6      | Reached XP level 8. HP: 52/52 MP: 13/13
  6645 | D:6      | Found a staircase to the Ecumenical Temple.
  6653 | Temple   | Entered the Ecumenical Temple
  6667 | Temple   | Became a worshipper of Ashenzari the Shackled
  7092 | D:6      | Found Trajib's Distillery.
  7095 | D:6      | Bought a potion of heal wounds for 39 gold pieces
  7095 | D:6      | Bought a potion of restore abilities for 39 gold pieces
  7443 | D:6      | Reached skill level 11 in Hexes
  7806 | D:6      | Noticed Blork the orc
  7822 | D:6      | Killed Blork the orc
  7822 | D:6      | Reached skill level 12 in Hexes
  8052 | D:6      | Reached skill level 10 in Stealth
  8052 | D:6      | Reached XP level 9. HP: 54/57 MP: 14/14
  8224 | D:6      | Reached skill level 5 in Charms
  8375 | D:7      | Reached skill level 13 in Hexes
  8445 | D:7      | Learned a level 4 spell: Enslavement
  8631 | D:7      | Found a glowing golden altar of the Shining One.
  8631 | D:7      | Found a shimmering altar of Xom.
  8951 | D:7      | Noticed Crazy Yiuf
  8957 | D:7      | Killed Crazy Yiuf
  9075 | D:8      | Noticed Joseph
  9099 | D:8      | Killed Joseph
  9099 | D:8      | Reached skill level 14 in Hexes
  9395 | D:8      | Found a white marble altar of Elyvilon.
  9856 | D:8      | Acquired Ashenzari's first power
  9913 | D:8      | Noticed Edmund
  9919 | D:8      | Killed Edmund
 10104 | D:9      | Reached XP level 10. HP: 63/63 MP: 16/16
 10907 | D:10     | Entered Level 10 of the Dungeon
 10927 | D:10     | Found a staircase to the Orcish Mines.
 10947 | D:10     | Reached skill level 15 in Hexes
 11252 | D:10     | Found a staircase to the Lair.
 11269 | D:10     | Killed from afar by an orc priest

Action                   |  1- 3 |  4- 6 |  7- 9 | 10-12 || total
-------------------------+-------+-------+-------+-------++-------
Melee: Dagger            |   123 |   160 |   683 |    62 ||  1028
 Cast: Corona            |    17 |     3 |     4 |       ||    24
       Sure Blade        |    18 |    24 |     7 |       ||    49
       Confuse           |     4 |     9 |    20 |     3 ||    36
       Ensorcelled Hiber |       |     4 |   106 |    35 ||   145
       Enslavement       |       |       |     1 |     1 ||     2
 Abil: End Transformatio |       |       |     4 |       ||     4
       Bat Form          |       |       |     4 |       ||     4
Evoke: Wand              |       |       |     5 |     1 ||     6
  Use: Scroll            |       |     7 |    14 |     4 ||    25
       Potion            |       |       |     1 |     5 ||     6
 Stab: Sleeping          |     8 |    11 |   114 |    30 ||   163
       Confused          |     3 |     7 |    12 |     2 ||    24
       Distracted        |       |       |       |     1 ||     1
